 Dungeon Crawl Stone Soup version 0.28-a0-1447-ga5a8893891 (webtiles) character file.

Game seed: 3572939817306829975

1934 hashsling the Destroyer (level 9, 54/54 HPs)
             Began as a Tengu Wanderer on Jan 9, 2022.
             Quit the game on level 6 of the Dungeon on Jan 11, 2022.
             The game lasted 00:42:01 (6539 turns).

hashsling the Destroyer (Tengu Wanderer)            Turns: 6539, Time: 00:42:02

Health: 54/54      AC:  8    Str: 13    XL:     9   Next: 17%
Magic:  17/17      EV: 16    Int: 21    God:
Gold:   342        SH:  0    Dex: 15    Spells: 8/18 levels left

rFire   . . .      SeeInvis .   B - staff of earth
rCold   . . .      Faith    .   (no shield)
rNeg    . . .      Spirit   .   e - +2 robe {Will+}
rPois   .          Reflect  .   b - +0 hat
rElec   .          Harm     .   (no cloak)
rCorr   .          Rampage  .   a - +1 pair of gloves
Will    +....                   (boots unavailable)
Stlth   ++........              (no amulet)
HPRegen 0.18/turn               c - +6 ring of intelligence
MPRegen 0.15/turn               (no ring)

@: flying quickly and evasively, quick
A: beak, talons 3, nimble flight, iridescent scales 1, MP-powered wands
a: no special abilities


You were on level 6 of the Dungeon.
You visited 1 branch of the dungeon, and saw 6 of its levels.
You also visited: Ossuary.

You collected 342 gold pieces.

Inventory:

Hand Weapons
 i - a +3 dagger of speed
 q - a +4 short sword of freezing
Missiles
 d - 101 arrows
 p - 16 poisoned darts
Armour
 a - a +1 pair of gloves (worn)
 b - a +0 hat (worn)
 e - a +2 robe of willpower (worn)
Magical Staves
 B - a staff of earth (weapon)
Jewellery
 c - a +6 ring of intelligence (left hand)
Wands
 f - a wand of acid (4)
 y - a wand of paralysis (2)
 A - a wand of iceblast (13)
Scrolls
 k - a scroll of magic mapping {unknown}
 r - a scroll of torment {unknown}
 s - 3 scrolls of teleportation
 v - a scroll of silence {unknown}
 x - a scroll of brand weapon
 C - a scroll of fear {unknown}
Potions
 g - 3 potions of cancellation
 h - a potion of lignification {unknown}
 j - 2 potions of mutation
 l - a potion of might {unknown}
 m - 5 potions of curing
 n - 3 potions of brilliance
 o - a potion of attraction {unknown}
 t - a potion of flight {unknown}
 u - a potion of ambrosia {unknown}
 w - 3 potions of heal wounds {unknown}
 z - a potion of invisibility


   Skills:
 - Level 5.0 Fighting
 - Level 4.0 Short Blades
 - Level 4.0 Dodging
 - Level 1.0 Stealth
 + Level 5.1 Spellcasting
 - Level 10.0 Conjurations
 + Level 5.3 Air Magic


You had 8 spell levels left.
You knew the following spells:

 Your Spells              Type           Power      Damage    Failure   Level
a - Shock                 Conj/Air       100%       1d9       1%          1
b - Mephitic Cloud        Conj/Pois/Air  26%        N/A       4%          3
c - Stone Arrow           Conj/Erth      78%        3d11      4%          3
d - Poisonous Vapours     Pois/Air       32%        N/A       5%          2
q - Magic Dart            Conj           100%       1d8       1%          1

Your spell library contained the following spells:

 Spells                   Type           Power      Damage    Failure   Level
 Sandblast                Erth           16%        2d6       11%         1
 Sting                    Tmut/Pois      20%        1d4       11%         1
 Call Imp                 Summ           5%         N/A       16%         2
 Passwall                 Tmut/Erth      6%         N/A       16%         2
 Olgreb's Toxic Radiance  Pois           5%         N/A       71%         4


Dungeon Overview and Level Annotations

Branches:
Dungeon (6/15)            Ossuary (visited)
 Temple: D:4-7

Altars:
Ashenzari
Fedhas
Uskayaw

Shops:
D:1 *


Innate Abilities, Weirdness & Mutations

You have a beak for a mouth.
You have claws for feet.
Your magical nature lets you fly swiftly and evasively.
You are partially covered in iridescent scales. (AC +2)
You expend magic power (3 MP) to strengthen your wands.


Message History

You are poisoned.
The zap hits the orc.
You kill the orc!
You feel sick.
You feel sick.
You feel sick.
You feel sick.
You feel sick.
It was a potion of mutation.
You feel extremely strange.
You feel your magical essence link to the dungeon's wands.
Iridescent scales grow over part of your body.
You feel sick.
You feel sick.
You are no longer poisoned.
You see here a scorpion corpse.
p - 16 poisoned darts (gained 8)
You see here a +0 flail.
You now have 342 gold pieces (gained 12).
Found an escape hatch in the ceiling.
Found 19 stones.
Found 13 stones.
Found a broken altar of Ashenzari.
Found a stone staircase leading down.
Found a stone staircase leading down.
Found a twisted jewelled staff.
You see here a staff of earth.
B - a staff of earth
C - a scroll labelled MYTTOR ACAU
Okay, then.
Your +4 short sword of freezing stops glowing.
B - a staff of earth (weapon)
Okay, then.
Save game and exit?
Welcome back, hashsling the Tengu Wanderer.
Press ? for a list of commands and other information.
Are you sure you want to abandon this character and quit the game? (Confirm with "yes".)
Okay, then.
Okay, then.
Unknown command.
Are you sure you want to abandon this character and quit the game? (Confirm with "yes".)

#...#.....###########.......#
#...#.#...# #..........###...
#.##..#...# #..........####..
#.##.###### #................
#.##.# #..........#### .....#
#..........# .....#
#.....>....# ....##
#...>......# #####
#...@......# ############


There were no monsters in sight!

Vanquished Creatures
  Pikel (D:5)
  Grinder (D:6)
  Duvessa (D:5)
  An ice beast (D:5)
  A necrophage (D:5)
  A sky beast (D:5)
  An ogre (D:5)
  A lemure (D:5)
  A scorpion (D:6)
  A wyvern zombie (D:4)
  3 water moccasin zombies (Ossuary)
  A wyvern skeleton (D:6)
  Dowan (D:5)
  A centaur zombie (D:6)
  2 hounds
  An orc priest (D:5)
  A centaur skeleton (D:5)
  Jessica (D:2)
  4 orc wizards
  A hound zombie (D:5)
  2 mummies (Ossuary)
  Robin (D:3)
  A gnoll (D:5)
  2 adders
  3 ufetubi
  7 adder zombies (Ossuary)
  2 worms
  3 dart slugs
  13 orcs
  7 ball pythons
  5 endoplasms
  3 giant cockroaches
  4 gnoll zombies (Ossuary)
  15 goblins
  5 hobgoblins
  4 jackals (D:1)
  6 kobolds
  3 quokkas
  5 bats
  4 frilled lizards
  7 hobgoblin zombies (Ossuary)
  6 kobold zombies (Ossuary)
  5 orc zombies (Ossuary)
  A quokka zombie (D:4)
  5 rats
  A rat zombie (D:4)
146 creatures vanquished.

Vanquished Creatures (others)
  3 plants (D:2)
3 creatures vanquished.

Grand Total: 149 creatures vanquished

Notes
Turn   | Place    | Note
-------+----------+-------------------------------------------
     0 | D:1      | hashsling the Tengu Wanderer began the quest for the Orb.
     0 | D:1      | hashsling set off with the following items: a +2 short
                  | sword, a +0 hat, a +0 robe; and the following spell
                  | memorised: Shock; and the following spells available to
                  | memorise: Mephitic Cloud
     0 | D:1      | Reached XP level 1. HP: 10/10 MP: 5/5
   251 | D:1      | Found a faded altar of an unknown god.
   291 | D:1      | Reached XP level 2. HP: 15/15 MP: 7/7
   299 | D:1      | Reached skill level 1 in Conjurations
   299 | D:1      | Reached skill level 1 in Air Magic
   709 | D:1      | Reached XP level 3. HP: 19/19 MP: 4/8
   890 | D:1      | Found Beestege's Assorted Antiques.
  1801 | D:2      | Reached skill level 2 in Conjurations
  1865 | D:2      | Noticed Jessica
  1872 | D:2      | Killed Jessica
  1873 | D:2      | Reached XP level 4. HP: 24/24 MP: 2/9
  2537 | D:3      | Found a blossoming altar of Fedhas.
  2552 | D:3      | Found a hide-covered altar of Uskayaw.
  2760 | D:3      | Noticed Robin
  2778 | D:3      | Killed Robin
  3076 | D:3      | Gained mutation: Your magical nature lets you fly swiftly
                  | and evasively. [Tengu growth]
  3076 | D:3      | Reached XP level 5. HP: 28/28 MP: 6/10
  3265 | D:3      | You are sucked into a shaft and drop 3 floors!
  3265 | D:6      | Noticed an ogre
  3267 | D:6      | Noticed Grinder
  3278 | D:5      | Entered Level 5 of the Dungeon
  3301 | D:5      | Noticed an ice beast
  3326 | D:4      | Reached skill level 3 in Conjurations
  3336 | D:4      | Learned a level 1 spell: Magic Dart
  3557 | D:4      | Found a sand-covered staircase.
  3566 | Ossuary  | Entered an ossuary
  3904 | Ossuary  | Reached skill level 4 in Conjurations
  3904 | Ossuary  | Reached XP level 6. HP: 16/32 MP: 0/11
  4161 | Ossuary  | Reached skill level 5 in Conjurations
  4161 | Ossuary  | Reached skill level 5 in Air Magic
  4665 | D:4      | Reached skill level 6 in Conjurations
  4665 | D:4      | Reached XP level 7. HP: 16/36 MP: 6/12
  5308 | D:5      | Reached skill level 7 in Conjurations
  5430 | D:5      | Learned a level 3 spell: Mephitic Cloud
  5434 | D:5      | Learned a level 3 spell: Stone Arrow
  5456 | D:5      | Noticed Pikel
  5472 | D:5      | Killed Pikel
  5473 | D:5      | Reached skill level 8 in Conjurations
  5473 | D:5      | Reached XP level 8. HP: 32/44 MP: 1/15
  5681 | D:5      | Noticed Dowan
  5685 | D:5      | Killed Dowan
  5686 | D:5      | Reached skill level 9 in Conjurations
  5686 | D:5      | Noticed Duvessa
  5703 | D:5      | Killed Duvessa
  6087 | D:6      | Reached skill level 5 in Spellcasting
  6087 | D:6      | Reached skill level 10 in Conjurations
  6109 | D:6      | Killed Grinder
  6110 | D:6      | Reached XP level 9. HP: 52/52 MP: 6/17
  6269 | D:6      | Reached skill level 5 in Fighting
  6281 | D:6      | Learned a level 2 spell: Poisonous Vapours
  6332 | D:6      | Gained mutation: You expend magic power (3 MP) to
                  | strengthen your wands. [potion of mutation]
  6332 | D:6      | Gained mutation: You are partially covered in iridescent
                  | scales. (AC +2) [potion of mutation]
  6488 | D:6      | Found a broken altar of Ashenzari.
  6539 | D:6      | Upgraded the game from 0.28-a0-1435-g82390b3a13 to
                  | 0.28-a0-1447-ga5a8893891
  6539 | D:6      | Quit the game

Illustrated notes

Levels and vault maps discovered:
D:1:      scummos_arrival_hexagon, layout_loops_corners, serial_shops, shop,
          hellmonk_ecumenical_altar_zigzags
D:2:      layout_loops_corners, serial_bayou_pond_a, st_stairs_6, uniq_jessica
D:3:      layout_loops_cross, mainiacjoe_overflow_swirl, uniq_robin
D:4:      layout_rooms, enter_ossuary_4
D:5:      minmay_spotlight, layout_rooms, uniq_pikel, uniq_duvessa
D:6:      layout_rooms, lemuel_coloured_pillars_altar,
          kennysheep_decorative_pillar, uniq_grinder

Skill      XL: |  1  2  3  4  5  6  7  8  9 |
---------------+----------------------------+-----
Conjurations   | 1 2 4 6 8 10 | 10.0
Air Magic      | 1 2 4 5 |  5.3
Short Blades   | 4 |  4.0
Dodging        | 4 |  4.0
Fighting       | 2 4 5 |  5.0
Spellcasting   | 4 5 |  5.1
Stealth        | |  1.0

Action                   |  1- 3 |  4- 6 |  7- 9 || total
-------------------------+-------+-------+-------++-------
Melee: Short sword       |    44 |       |    10 ||    54
       Kick              |     7 |     3 |    14 ||    24
       Peck              |     2 |     6 |     6 ||    14
       Dagger            |     1 |    29 |    23 ||    53
Throw: Dart              |       |       |     5 ||     5
       Throwing net      |       |       |     1 ||     1
 Cast: Shock             |    60 |   124 |    84 ||   268
       Magic Dart        |       |    24 |     5 ||    29
       Stone Arrow       |       |       |     5 ||     5
       Mephitic Cloud    |       |       |     1 ||     1
Evoke: Wand              |       |     4 |     1 ||     5
  Use: Scroll            |       |     4 |     7 ||    11
       Potion            |       |     1 |     1 ||     2
 Stab: Sleeping          |     2 |     2 |       ||     4
       Confused          |       |       |     1 ||     1
       Held in net/web   |       |       |     1 ||     1
       Paralysed         |       |       |     1 ||     1
Armor: Robe              |     5 |    15 |     7 ||    27
Dodge: Dodged            |    23 |    59 |    33 ||   115

Table legend: (Time is in decaauts)
 A = Elapsed time spent in this place.
 B = Non-inter-level travel time spent in this place.
 C = Inter-level travel time spent in this place.
 D = Time resting spent in this place.
 E = Time spent auto-exploring this place.
 F = Levels seen in this place.
 G = Mean time per level.
                   A        B        C        D        E       F      G
               +--------+--------+--------+--------+--------+-----+--------+
         Total |   6380 |   6289 |     91 |      0 |   5298 |   7 |  911.4 |
       Dungeon |   5516 |   5425 |     91 |      0 |   4578 |   6 |  919.3 |
       Ossuary |    863 |    863 |      0 |      0 |    719 |   1 |  863.0 |
               +--------+--------+--------+--------+--------+-----+--------+

Top non-repeatable levels by time:
     D:1: 1382 daAuts
     D:2: 1142 daAuts
     D:5: 917 daAuts
     D:4: 904 daAuts
 Ossuary: 863 daAuts
     D:3: 719 daAuts
     D:6: 450 daAuts
